AZAZEL, chaotic male elven Wizard ---------- |........| ---------- ----- -------------- |....[....## ------------ |........| #-...| |............| |........| # |..........| |........| ###|....######|............| |........| ### |..........| |........| # |...| #.........)...| ---------- # |..........| #..........### |...| |............| ##-...........#########|........| |<..| |..%.........| ------------ ---------- ----- ---.---------- ##### # ### # -------.--- ##########################-.........| ------- # |.........| |.f...-#u |`........| -@..^.| ----------- ------- AZAZEL the Thaumaturge Experience level: 6 Strength: 11 Dexterity: 13 Constitution: 16 Intelligence: 15 Wisdom: 9 Charisma: 11 Health: 0(42) Energy: 1(69) AC: 9 Gold: 587 Moves: 1419 Your Inventory: Coins $ - 587 gold pieces Weapons a - a blessed +1 quarterstaff v - 9 [uncursed +0] arrows (in quiver) w - an uncursed +0 bow x - an uncursed +0 sling (alternate weapon; not wielded) y - an uncursed +3 dagger (weapon in hand) z - a [blessed +0] arrow Armor b - an uncursed +0 cloak of magic resistance (being worn) A - an [uncursed +0] dwarvish mithril-coat B - an [uncursed +0] hard hat [dwarvish iron helm] C - an [uncursed +0] pair of hard shoes [iron] Comestibles o - an [uncursed] lichen corpse p - 3 [uncursed] food rations Scrolls i - an uncursed scroll of confuse monster j - an uncursed scroll of charging s - an [uncursed] unlabeled scroll [of blank paper] u - a [cursed] scroll labeled TEMOV [of destroy armor] Spellbooks l - a blessed spellbook of force bolt m - an uncursed spellbook of light Potions f - an uncursed potion of invisibility g - an uncursed potion of restore ability Rings d - an uncursed ring of slow digestion (on right hand) e - an uncursed +1 ring of gain dexterity r - an [uncursed] agate ring [of free action] Wands c - an uncursed wand of sleep (0:2) Tools n - an uncursed tooled horn Spells known in the end: Name Level Category Fail Memory a - force bolt 1 attack 0% [||||||||] b - light 1 divination 0% [||||||||] Your skills at the end: Fighting Skills Weapon Skills quarterstaff [Basic / Expert] Spellcasting Skills attack spells [Basic / Expert] enchantment spells [Basic / Skilled] Final Attributes: You were devoutly aligned. Hunger level was 680. Your alignment was 16 / 17. Monster difficulty range was 0 - 5. Level difficulty was 4. You were immune to sleep. You were magic-protected. You saw invisible. You had infravision. You had slower digestion. Your luck was zero. You are dead. Vanquished creatures: 4 dwarves a giant bat a dwarf zombie an iguana a gas spore a hobbit 2 giant rats a red mold 5 gnomes 2 geckos 2 jackals 2 foxes 3 sewer rats a lichen 3 kobold zombies a newt 31 creatures vanquished. Voluntary challenges: You went without food. You used a wielded weapon 20 times. You read items or engraved 5 times. You put on armor 1 time. You never genocided any monsters. You never polymorphed an object. You never changed form. You used no wishes. You wrote Elbereth's name 2 times. You never encountered a bones level. You never used any Sokoban shortcuts. Dungeon overview: The Dungeons of Doom: levels 1 to 4 Level 1 a fountain a long staircase Level 2 stairs to The Gnomish Mines Level 3 a general store Level 4 <- You were here The Gnomish Mines: Level 3 stairs to The Dungeons of Doom History has recorded: On T:1 you entered the Dungeons of Doom to retrieve the Amulet of Yendor! On T:290 you reached level 2 of The Dungeons of Doom. On T:365 you advanced to experience level 2. On T:454 you advanced to experience level 3. On T:540 you reached level 3 of The Dungeons of Doom. On T:937 you reached level 1 of The Gnomish Mines. On T:954 you advanced to experience level 4. On T:977 you advanced to experience level 5. On T:1047 you advanced to experience level 6. On T:1114 you reached level 4 of The Dungeons of Doom. Latest messages: The kitten bites! The pony kicks! The pony bites! [HP-3=31] You are still in a pit. The kitten bites! The pony kicks! The pony bites! The kitten bites! [HP-9=22] You are still in a pit. The kitten bites! [HP-4=18] You crawl to the edge of the pit. The kitten bites! The pony kicks! The pony bites! The kitten bites! [HP-12=6] The kitten bites! [HP-5=1] The kitten bites! You die... Final status: Goodbye AZAZEL the Wizard... You died in The Dungeons of Doom on dungeon level 4 with 1443 points, and 587 pieces of gold, after 1419 moves. You were level 6 with a maximum of 42 hit points when you died.